AoeStats
← feso

Arena

508988828Analyzed
1v1 RM · 8d ago on Sep 25, 2026· 45m 41s· 2 players
Game mode
Random Map
Map size
Tiny (2 player)
Population
200
Speed
Normal
Resources
Standard
Victory
Conquest
Starting age
Dark Age
Ending age
Imperial Age
RankedLock teamsTeams togetherTeam positionsShared explorationLock speedFull tech treeHidden civsTurbo modeCheats
Victory
Defeat
🇭🇺 Turks · Hungary
605
+15
🇦🇷 Gurjaras · Argentina
582
-15
feso
10:33 Feudal Age
11:21 Double-Bit Axe
13:48 Loom
16:13 Castle Age
16:10 Horse Collar
17:51 Town Watch
19:40 Scale Barding Armor
20:25 Forging
21:47 Bow Saw
26:21 Heavy Plow
32:02 Chain Barding Armor
32:46 Bloodlines
32:36 Husbandry
37:39 Imperial Age
37:35 Kshatriyas
38:15 Elite Shrivamsha Rider
40:47 Chemistry
40:08 Ballistics
40:13 Siege Elephant
43:35 Iron Casting
43:36 Plate Barding Armor
45:12 Scale Mail Armor
ZergeNN
12:39 Feudal Age
10:55 Loom
16:57 Castle Age
16:41 Stone Mining
16:39 Double-Bit Axe
16:44 Town Watch
17:03 Horse Collar
18:27 Bow Saw
24:40 Heavy Plow
26:28 Gold Mining
28:20 Wheelbarrow
29:19 Gold Shaft Mining
34:21 Imperial Age
32:22 Town Patrol
33:35 Hand Cart
35:50 Scale Barding Armor
35:55 Forging
37:20 Two-Man Saw
37:11 Chain Barding Armor
36:52 Scale Mail Armor
36:42 Fletching
36:52 Padded Archer Armor
37:20 Padded Archer Armor
37:50 Heavy Camel Rider
37:51 Cavalier
38:31 Husbandry
39:47 Bloodlines
40:05 Guilds
41:33 Iron Casting
41:13 Chain Mail Armor
41:33 Plate Barding Armor
40:54 Bodkin Arrow
41:14 Leather Archer Armor
41:55 Artillery
42:15 Conscription
42:31 Hoardings
42:10 Masonry
42:11 Fortified Wall
42:22 Ballistics
41:58 Murder Holes
41:43 Treadmill Crane
45:50 Blast Furnace
45:20 Plate Mail Armor
Connection lost

Rejoining the realm…

Still unreachable

The connection could not be restored.

Session expired

The server has moved on; the page needs a fresh start.